 Dungeon Crawl Stone Soup version 0.20-a0-766-g52e1353 (webtiles) character file.

283804 Laan the Severer (level 20, -7/134 HPs)
             Began as a Gargoyle Fighter on Feb 26, 2017.
             Was the Champion of the Shining One.
             Killed from afar by a battlesphere (12 damage)
             ... created by a tengu reaver
             ... on level 4 of the Depths.
             The game lasted 01:10:03 (30087 turns).

Laan the Severer (Gargoyle Fighter)                Turns: 30087, Time: 01:10:04

Health: -7/134     AC: 46    Str: 35    XL:     20   Next: 97%
Magic:  29/29      EV:  3    Int:  9    God:    the Shining One [******]
Gold:   929        SH: 26    Dex:  9    Spells: 19/19 levels left

rFire    + . .     SeeInvis .   a - +6 broad axe (elec)
rCold    + + .     Gourm    .   i - +1 gold dragon scales
rNeg     + + +     Faith    .   j - +0 large shield
rPois    ∞         Spirit   .   K - +0 helmet
rElec    +         Reflect  +   O - scarf {rC+}
rCorr    .         Harm     .   u - +0 pair of gloves
MR       +++..                  N - +0 pair of boots
Stlth    ..........             c - amulet "Sepups" {Reflect MR+ Str+6 SH+3}
Regen    0.4/turn               e - ring of protection from magic
MPRegen  0.3/turn               M - +4 ring of protection

@: flying, glowing, constricted
A: big wings, negative energy resistance 1, electricity resistance, unbreathing,
petrification resistance, rot immunity, AC +15
}: 1/15 runes: gossamer
a: Stop Flying, Divine Shield, Cleansing Flame, Summon Divine Warrior, Brand
Weapon With Holy Wrath, Renounce Religion


You were on level 4 of the Depths.
You worshipped the Shining One.
The Shining One was exalted by your worship.
You were not hungry.

You visited 6 branches of the dungeon, and saw 32 of its levels.

You collected 2972 gold pieces.
You spent 2043 gold pieces at shops.

Inventory:

Hand Weapons
 a - a +6 broad axe of electrocution (weapon)
 b - a +4 eveningstar of protection
Missiles
 z - 9 javelins
 D - 5 poisoned javelins (quivered)
Armour
 i - +1 gold dragon scales (worn)
 j - a +0 large shield (worn)
 u - a +0 pair of gloves (worn)
 K - a +0 helmet (worn)
 N - a +0 pair of boots (worn)
 O - a scarf of cold resistance (worn)
 R - a +2 chain mail of fire resistance
 W - the +8 orange crystal plate armour {Archmagi, Int+3 Clar}
   (You found it on level 3 of the Spider Nest)

   It affects your intelligence (+3).
   It protects you against confusion.
Jewellery
 c - the amulet "Sepups" (around neck) {Reflect MR+ Str+6 SH+3}
   (You bought it in a shop on level 1 of the Depths)

   [amulet of reflection]

   It shields you and reflects attacks.
   It affects your strength (+6).
   It affects your resistance to hostile enchantments.
   It affects your SH (+3).
 e - a ring of protection from magic (right hand)
 s - an uncursed ring of protection from fire
 y - an uncursed amulet of guardian spirit
 M - a +4 ring of protection (left hand)
 P - an uncursed amulet of magic regeneration
 Y - a +4 ring of strength
Wands
 o - a wand of flame (25/48)
 C - a wand of flame (30/48)
 G - a wand of iceblast (13/15)
 I - a wand of lightning (10/15)
 L - a wand of acid (10/15)
 Q - a wand of disintegration (17/24)
 T - a wand of disintegration (12/24)
Scrolls
 d - 6 scrolls of recharging
 g - 5 scrolls of fear
 l - 7 scrolls of teleportation
 m - 11 scrolls of identify
 q - 11 scrolls of remove curse
 B - 3 scrolls of magic mapping
 E - 2 scrolls of blinking
 S - 2 scrolls of amnesia
Potions
 k - 4 potions of heal wounds
 n - 4 potions of haste
 p - 4 potions of agility
 r - 4 potions of might
 v - 15 potions of curing
 w - 5 potions of cancellation
 A - 4 potions of ambrosia
 J - 5 potions of lignification
Comestibles
 f - 21 bread rations
 h - 13 meat rations
 t - 8 royal jellies
 x - 8 chunks of flesh


   Skills:
 + Level 17.3 Fighting
 - Level 19.1 Axes
 + Level 17.4 Armour
 + Level 17.0 Shields
 + Level 13.3 Invocations


You had 19 spell levels left.
You didn't know any spells.

Dungeon Overview and Level Annotations

Branches:
Dungeon (15/15)            Temple (1/1) D:5            Lair (6/6) D:8
 Shoals (0/4) Lair:4       Spider (4/4) Lair:3        Slime (0/5) Lair:5
    Orc (2/2) D:10            Elf (0/3) Orc:2        Vaults (0/5) D:13
 Depths (4/5) D:15

Altars:
Ashenzari
Cheibriados
Dithmenos
Elyvilon
Fedhas
Gozag
Hepliaklqana
Kikubaaqudgha
Makhleb
Nemelex Xobeh
Okawaru
Qazlal
Ru
Sif Muna
Trog
Uskayaw
Vehumet
Wu Jian
Xom
Yredelemnul
Zin
The Shining One
Lugonu

Shops:
D:6 :(}!(   D:8 [   D:11 (   Orc:2 ?[*=!   Depths:1 *%[?=   Depths:2 =
Depths:3 ?[(

Portals:
Hell: Depths:1 Depths:2 Depths:3
Abyss: Depths:1 Depths:2 Depths:3
Pandemonium: Depths:2 Depths:3
Ziggurat: Depths:2
Trove: D:15 (give 7 potions of haste)

Annotations:
D:10 Sonja
Depths:3 2 exclusions


Innate Abilities, Weirdness & Mutations

You are resistant to torment.
Your stone body is resilient. (AC +15)
You are immune to poison.
Your large and strong wings let you fly indefinitely.
You resist negative energy. (rN+)
You are resistant to electric shocks. (rElec)
You can survive without breathing.
You are immune to petrification.
You are immune to rotting.


Message History

You cut the tentacled monstrosity into ribbons!!!
You kill the tentacled monstrosity!
The Shining One accepts your kill.
You slash the tengu reaver! You slash the tentacled monstrosity!
You slice the tengu reaver!!
You hear a shout! x3
The tengu reaver hits you but does no damage.
The tengu reaver pecks you.
* * * LOW HITPOINT WARNING * * *
You block the tengu reaver's attack.
The tentacled monstrosity tentacle-slaps you but does no damage.
You block the tentacled monstrosity's attack.
The tentacled monstrosity tentacle-slaps you but does no damage.
* * * LOW HITPOINT WARNING * * *
The tentacled monstrosity constricts you!
The tengu reaver points at you and mumbles some strange words.
The bolt of magma hits you! You partially resist.
* * * LOW HITPOINT WARNING * * *
The battlesphere fires!
The barrage of energy hits you!
You die...

## .#.##.. #. .##.##.
#.. ..##)..
.##..##### ...###.
......... .......
#.....#######.L.....
##....<##....XQ#.....
#.......).*..@.......
##.....##.....Q......
#+######............
#......*##....
#.......# ###
#.........
##.........
#......##.


You could see a tentacled monstrosity, 2 tengu reavers, a lich and 2
battlespheres.

Vanquished Creatures
  Mara (Spider:4)
  A juggernaut (Depths:1)
  A golden dragon (Depths:2)
  A tentacled monstrosity (Depths:4)
  The ghost of Execuda the Slayer, an adept MiBe of Trog (Spider:4)
  A quicksilver dragon (Depths:2)
  Gastronok (D:11)
  Kirke (D:13)
  Donald (Spider:4)
  Agnes (D:15)
  3 fire giants
  2 frost giants
  6 emperor scorpions
  2 ghost moths (Spider:4)
  An orc warlord (Orc:2)
  Louise (Spider:4)
  A deep elf elementalist (Depths:2)
  2 balrugs (Depths:3)
  18 very ugly things
  4 entropy weavers
  12 stone giants
  A vampire knight (Depths:4)
  11 spark wasps
  A green death (Depths:3)
  4 jiangshi (Depths:2)
  6 ettins
  7 fire dragons
  2 yaktaur captains
  A vault guard (D:13)
  3 great orbs of eyes
  7 ice dragons
  8 hydras
  3 rakshasas
  A merfolk avatar (Lair:6)
  2 spriggan air magi (Depths:2)
  2 centaur warriors
  11 ogre magi
  Erica (D:10)
  40 two-headed ogres
  2 vampire magi (Depths:2)
  A dancing weapon (Orc:2)
  9 deep troll earth magi
  8 death scarabs (Spider:4)
  A queen ant (Lair:3)
  3 deep troll shamans
  3 death yaks (Lair:5)
  8 tengu warriors
  2 spriggan berserkers (Depths:3)
  Urug (Lair:5)
  An orc high priest (Orc:2)
  A soul eater (Depths:3)
  A fire crab (shapeshifter) (D:15)
  A spectral emperor scorpion (Spider:4)
  4 iron trolls
  2 sixfirhies (Depths:3)
  12 hell knights
  2 sea snakes (Lair:6)
  13 deep trolls
  5 unseen horrors
  A flayed ghost (Depths:2)
  A storm dragon skeleton (Depths:3)
  A shadow demon (Depths:3)
  3 glowing orange brains
  4 spectral wolf spiders (Spider:4)
  A harpy (Lair:6)
  2 phantasmal warriors (Depths:4)
  28 wolf spiders
  2 necromancers
  2 wolf spider zombies (Spider:4)
  14 orb spiders
  A deep elf mage (D:15)
  A tengu skeleton (Depths:3)
  6 orc knights
  An iron dragon skeleton (Depths:3)
  6 moths of wrath
  A cyclops (Orc:2)
  2 manticores
  24 ugly things
  15 elephants
  7 black mambas
  Joseph (D:7)
  A guardian serpent (shapeshifter) (Depths:1)
  A torpor snail (Spider:1)
  3 gargoyles
  A smoke demon (Depths:3)
  A rime drake (shapeshifter) (Depths:2)
  13 spiny frogs
  A kobold demonologist (D:15)
  7 komodo dragons
  14 demonic crawlers
  3 spectral redbacks (Spider:4)
  15 yaktaurs
  7 rime drakes
  An ice devil (Depths:3)
  32 jumping spiders
  A red devil (Depths:3)
  A polar bear (Lair:6)
  A wind drake (Lair:6)
  A troll (D:8)
  3 jumping spider zombies (Spider:4)
  4 spectral tarantellas (Spider:4)
  Prince Ribbit (D:8)
  A tyrant leech (shapeshifter) (Depths:2)
  9 hornets
  A spectral jumping spider (Spider:4)
  11 blink frogs
  22 slime creatures
  11 hippogriffs
  4 tarantella zombies (Spider:4)
  7 dream sheep (Lair:5)
  A snapping turtle (Lair:4)
  A shadow (D:15)
  A deep troll skeleton (Depths:1)
  59 redbacks
  Sigmund (D:3)
  A spriggan skeleton (Depths:1)
  10 wyverns
  2 vampires
  3 spriggans
  3 air elementals (Depths:2)
  Eustachio (D:6)
  A basilisk (shapeshifter) (Depths:3)
  35 yaks
  5 wraiths
  27 tarantellas
  13 basilisks
  5 hogs (D:13)
  A hungry ghost (D:10)
  2 neqoxecs (Depths:3)
  A soldier ant (shapeshifter) (Depths:1)
  Menkaure (D:6)
  5 wargs (Orc:2)
  12 water moccasins
  20 soldier ants (Lair:3)
  A floating eye (Depths:3)
  7 porcupines
  A hell hound (Depths:3)
  A fire dragon simulacrum (Depths:1)
  4 ice beasts
  6 sky beasts
  An eye of draining (shapeshifter) (Depths:1)
  29 orc warriors
  A black bear (D:12)
  2 eyes of draining (D:14)
  A necrophage (D:7)
  A sky beast (shapeshifter) (Depths:2)
  42 ogres
  3 phantoms
  A hornet zombie (D:15)
  5 boggarts
  14 wolves
  15 crocodiles
  10 centaurs
  2 big kobolds
  An elf zombie (D:7)
  22 bullfrogs
  2 wyvern skeletons
  4 scorpions
  3 killer bees (D:13)
  3 wights (D:7)
  A howler monkey (D:12)
  6 electric eels
  8 crimson imps
  2 bullfrog zombies
  12 hounds
  A quasit (Depths:2)
  A human zombie (D:7)
  16 orc priests
  24 orc wizards
  3 bullfrog skeletons
  3 centaur zombies
  4 jellies
  4 centaur skeletons
  A human skeleton (D:7)
  5 iguanas
  21 worker ants
  A killer bee zombie (D:9)
  An ogre zombie (D:7)
  A hound zombie (D:6)
  A hound skeleton (D:8)
  A mummy (D:7)
  A howler monkey zombie (D:6)
  10 gnolls
  18 adders
  5 shadow imps
  An ufetubus (Depths:3)
  3 oozes
  2 worms
  5 leopard geckos
  83 orcs
  6 bats
  A giant cockroach (D:2)
  2 gnoll zombies (D:3)
  4 goblins
  2 hobgoblins (D:3)
  8 jackals
  4 quokkas
  2 ball pythons
  A frilled lizard (D:5)
  13 kobolds
  An orc zombie (D:7)
  2 quokka zombies
  6 rats
  A bush (Lair:5)
  4 fungi
  3 plants
1253 creatures vanquished.

Vanquished Creatures (collateral kills)
  Saint Roka (Orc:2)
  A golden dragon zombie (Depths:3)
  A deep troll (Depths:3)
  A spriggan zombie (Depths:3)
  A tarantella zombie (Spider:4)
  A redback (Spider:4)
6 creatures vanquished.

Vanquished Creatures (others)
  An orc warrior (Orc:2)
  An adder (D:2)
  2 fungi (Lair:5)
  3 plants
7 creatures vanquished.

Grand Total: 1266 creatures vanquished

Notes
Turn   | Place    | Note
-------+----------+-------------------------------------------
     0 | D:1      | Laan the Gargoyle Fighter began the quest for the Orb.
     0 | D:1      | Reached XP level 1. HP: 14/14 MP: 1/1
   244 | D:1      | Reached skill level 2 in Axes
   263 | D:1      | Reached XP level 2. HP: 17/19 MP: 2/2
   653 | D:2      | Reached XP level 3. HP: 23/23 MP: 3/3
   819 | D:2      | Found an opulent altar of Gozag.
   828 | D:2      | Found a radiant altar of Vehumet.
  1234 | D:2      | Reached XP level 4. HP: 29/29 MP: 4/4
  1748 | D:3      | Found a white marble altar of Elyvilon.
  1801 | D:3      | Reached skill level 3 in Axes
  2116 | D:3      | Reached XP level 5. HP: 14/33 MP: 5/5
  2233 | D:3      | Noticed Sigmund
  2286 | D:3      | Killed Sigmund
  2286 | D:3      | Reached skill level 4 in Axes
  2286 | D:3      | Reached XP level 6. HP: 7/39 MP: 6/6
  2661 | D:3      | Found a blossoming altar of Fedhas.
  2846 | D:3      | Found a basalt altar of Yredelemnul.
  3061 | D:4      | Found a snail-covered altar of Cheibriados.
  3604 | D:5      | Entered Level 5 of the Dungeon
  3667 | D:5      | Reached XP level 7. HP: 44/44 MP: 7/7
  3828 | D:5      | Found a shimmering altar of Xom.
  3940 | D:5      | Reached skill level 5 in Shields
  3954 | D:5      | Reached skill level 5 in Fighting
  4018 | D:5      | Found a staircase to the Ecumenical Temple.
  4066 | Temple   | Entered the Ecumenical Temple
  4099 | Temple   | Became a worshipper of the Shining One
  4196 | D:5      | Reached skill level 5 in Axes
  4196 | D:5      | Reached skill level 5 in Armour
  4484 | D:6      | Found Kofu Hai's Book Shop.
  4486 | D:6      | Noticed Eustachio
  4540 | D:6      | Killed Eustachio
  4540 | D:6      | Reached XP level 8. HP: 50/50 MP: 8/8
  4599 | D:6      | Found Vemne's Antique Weapon Emporium.
  4621 | D:6      | Noticed a hand axe
  4621 | D:6      | Noticed Menkaure
  4622 | D:6      | Noticed a dagger
  4625 | D:6      | Found a hide-covered altar of Uskayaw.
  4628 | D:6      | Killed Menkaure
  4628 | D:6      | Reached skill level 6 in Axes
  4703 | D:6      | Found Baec's Distillery.
  4705 | D:6      | Bought a potion of degeneration for 13 gold pieces
  4705 | D:6      | Bought 2 potions of heal wounds for 130 gold pieces
  4726 | D:6      | Found a blossoming altar of Fedhas.
  4798 | D:6      | Found Guopteha's Gadget Boutique.
  4810 | D:6      | Found Ocisi's Weapon Shoppe.
  4812 | D:6      | Reached * piety under the Shining One
  5176 | D:7      | Noticed Joseph
  5192 | D:7      | Killed Joseph
  5192 | D:7      | Reached skill level 7 in Axes
  5192 | D:7      | Reached XP level 9. HP: 52/56 MP: 7/9
  5328 | D:7      | Reached ** piety under the Shining One
  5365 | D:7      | Reached skill level 8 in Axes
  5374 | D:7      | Found an ancient bone altar of Kikubaaqudgha.
  5398 | D:7      | Found an ancient bone altar of Kikubaaqudgha.
  5473 | D:7      | Found a bloodstained altar of Trog.
  5473 | D:7      | Found a shattered altar of Ashenzari.
  5585 | D:7      | Reached XP level 10. HP: 60/63 MP: 10/10
  5636 | D:7      | Found an iron altar of Okawaru.
  5748 | D:7      | Found a burning altar of Makhleb.
  5843 | D:8      | Found a shadowy altar of Dithmenos.
  5893 | D:8      | Noticed Prince Ribbit
  5926 | D:8      | Killed Prince Ribbit
  6175 | D:8      | Found a staircase to the Lair.
  6198 | D:8      | Reached skill level 9 in Axes
  6270 | D:8      | Reached *** piety under the Shining One
  6306 | D:8      | Found Puty's Armour Emporium.
  6684 | D:6      | Bought a +2 broad axe of electrocution for 220 gold pieces
  6903 | Lair:1   | Entered Level 1 of the Lair of Beasts
  6941 | Lair:1   | Noticed a spiny frog
  6941 | Lair:1   | Noticed a four-headed hydra
  6943 | Lair:1   | Killed a spiny frog
  6970 | Lair:1   | Killed a seven-headed hydra
  6970 | Lair:1   | Reached XP level 11. HP: 23/69 MP: 6/11
  7007 | Lair:1   | Reached skill level 10 in Axes
  7349 | Lair:1   | Found a radiant altar of Vehumet.
  8425 | Lair:2   | Noticed a four-headed hydra
  8436 | Lair:2   | Killed a six-headed hydra
  8733 | Lair:2   | Reached skill level 11 in Axes
  8766 | Lair:3   | Found a hole to the Spider Nest.
  8801 | Lair:3   | Reached XP level 12. HP: 59/77 MP: 12/12
  8803 | Lair:3   | Reached skill level 10 in Armour
  8909 | Lair:3   | Reached skill level 10 in Fighting
  8947 | Lair:3   | Noticed a five-headed hydra
  8960 | Lair:3   | Killed a seven-headed hydra
  8968 | Lair:3   | Reached skill level 10 in Shields
  9226 | Lair:3   | Noticed a queen ant
  9226 | Lair:3   | Reached skill level 12 in Axes
  9242 | Lair:3   | Killed a queen ant
  9316 | Lair:3   | Reached **** piety under the Shining One
 10014 | Lair:4   | Noticed a seven-headed hydra
 10019 | Lair:4   | Reached XP level 13. HP: 60/84 MP: 9/13
 10556 | Lair:4   | Found a staircase to the Shoals.
 10799 | Lair:5   | Reached skill level 13 in Axes
 11012 | Lair:5   | Noticed Urug
 11027 | Lair:5   | Killed Urug
 11115 | Lair:5   | Found a staircase to the Slime Pits.
 11623 | Lair:6   | Entered Level 6 of the Lair of Beasts
 11661 | Lair:6   | Gained mutation: Your large and strong wings let you fly indefinitely. [Gargoyle growth]
 11661 | Lair:6   | Reached XP level 14. HP: 68/92 MP: 10/14
 11820 | Lair:6   | Reached skill level 14 in Axes
 11826 | Lair:6   | Reached ***** piety under the Shining One
 12987 | D:9      | Found a sacrificial altar of Ru.
 12998 | D:9      | You are sucked into a shaft for 3 floors!
 13282 | D:12     | Reached skill level 1 in Invocations
 14163 | D:13     | Found a gate to the Vaults.
 14206 | D:13     | Noticed Kirke
 14219 | D:13     | Killed Kirke
 14334 | D:14     | Reached XP level 15. HP: 51/97 MP: 13/17
 14373 | D:14     | Got a blackened chain mail
 14374 | D:14     | Identified the cursed +0 chain mail of Ynioth {Str+3 Int-3 Dex+4} (You found it on level 14 of the Dungeon)
 14407 | D:14     | Found a blossoming altar of Fedhas.
 14467 | D:14     | Reached skill level 15 in Axes
 14743 | D:14     | Reached ****** piety under the Shining One
 14926 | D:15     | Entered Level 15 of the Dungeon
 15026 | D:15     | Noticed Agnes
 15035 | D:15     | Killed Agnes
 15057 | D:15     | Found a staircase to the Depths.
 15067 | D:15     | Noticed a fire giant
 15080 | D:15     | Killed a fire giant
 15670 | D:15     | Reached skill level 5 in Invocations
 15685 | D:15     | Found a portal to a secret trove of treasure.
 16171 | D:11     | Noticed Gastronok
 16185 | D:11     | Killed Gastronok
 16204 | D:11     | Found Kusomos's Antique Weapon Shoppe.
 16781 | D:10     | Entered Level 10 of the Dungeon
 16859 | D:10     | Noticed Erica
 16865 | D:10     | Killed Erica
 17205 | D:10     | Found a staircase to the Orcish Mines.
 17254 | D:10     | Noticed Sonja
 17951 | Spider:1 | Entered Level 1 of the Spider Nest
 18190 | Spider:1 | Noticed an emperor scorpion
 18205 | Spider:1 | Killed an emperor scorpion
 18205 | Spider:1 | Reached XP level 16. HP: 47/105 MP: 6/20
 18880 | Spider:2 | Reached skill level 16 in Axes
 19273 | Spider:2 | Got an encrusted war axe
 19274 | Spider:2 | Identified the cursed +2 war axe of Eternal Harmony {protect, Str+4} (You found it on level 2 of the Spider Nest)
 20247 | Spider:4 | Entered Level 4 of the Spider Nest
 20403 | Spider:4 | Noticed Louise
 20418 | Spider:4 | Noticed Donald
 20452 | Spider:4 | Killed Donald
 20508 | Spider:4 | Killed Louise
 20508 | Spider:4 | Reached XP level 17. HP: 62/112 MP: 14/23
 20911 | Spider:4 | Noticed Execuda's ghost (adept MiBe)
 20941 | Spider:4 | Killed Execuda's ghost
 21333 | Spider:4 | Reached skill level 17 in Axes
 21672 | Spider:4 | Noticed Mara
 21676 | Spider:4 | Noticed Laan's illusion
 21709 | Spider:4 | Noticed Laan's illusion
 21715 | Spider:4 | Killed Mara
 21794 | Spider:4 | Reached skill level 15 in Armour
 21860 | Spider:4 | Got a gossamer rune of Zot
 22140 | Orc:1    | Entered Level 1 of the Orcish Mines
 22314 | Orc:2    | Entered Level 2 of the Orcish Mines
 22314 | Orc:2    | Found Udemp's Magic Scroll Shop.
 22670 | Orc:2    | Reached skill level 15 in Fighting
 22744 | Orc:2    | Bought a scroll of blinking for 97 gold pieces
 22744 | Orc:2    | Bought a scroll of blinking for 97 gold pieces
 22776 | Orc:2    | Found a staircase to the Elven Halls.
 22789 | Orc:2    | Noticed Saint Roka
 22818 | Orc:2    | Killed Saint Roka
 22818 | Orc:2    | Reached XP level 18. HP: 40/119 MP: 2/25
 23177 | Orc:2    | Reached skill level 15 in Shields
 23191 | Orc:2    | Reached skill level 10 in Invocations
 23218 | Orc:2    | Found Dexotiq's Assorted Antiques.
 23218 | Orc:2    | Found Rukhirul's Antique Armour Shop.
 23219 | Orc:2    | Found Sianaj's Distillery.
 23219 | Orc:2    | Found Jiatiece's Jewellery Shoppe.
 24039 | Depths:1 | Entered Level 1 of the Depths
 24142 | Depths:1 | Noticed a juggernaut
 24160 | Depths:1 | Killed a juggernaut
 24270 | Depths:1 | Reached skill level 18 in Axes
 24376 | Depths:1 | Found a gateway to Hell.
 24377 | Depths:1 | Found a one-way gate to the infinite horrors of the Abyss.
 24391 | Depths:1 | Found Qeitsa's Changing Room.
 24559 | Depths:1 | Reached XP level 19. HP: 112/124 MP: 23/27
 25473 | Depths:1 | Found Ostaof's Food Shoppe.
 25475 | Depths:1 | Found Haeng's Magic Scroll Shoppe.
 25477 | Depths:1 | Found Haoh's Jewellery Shoppe.
 25478 | Depths:1 | Found Dusekeke's Armour Shoppe.
 25487 | Depths:1 | Bought the amulet "Sepups" {Reflect MR+ Str+6 SH+3} for 899 gold pieces
 26552 | Depths:2 | Found Ohyg's Jewellery Shop.
 27141 | Depths:2 | Noticed a golden dragon
 27863 | Depths:2 | Found a gateway to a ziggurat.
 27913 | Depths:2 | Reached XP level 20. HP: 55/132 MP: 29/29
 28215 | Depths:2 | Reached skill level 19 in Axes
 28297 | Depths:2 | Killed a golden dragon
 28315 | Depths:2 | Got a fine graven amulet
 28316 | Depths:2 | Identified the amulet "Aczeot" {RegenMP Fragile rN+ Slay+2} (You took it off a fire giant on level 2 of the Depths)
 28407 | Depths:2 | Found a one-way gate leading to the halls of Pandemonium.
 29458 | Depths:3 | Found Amnaoroe's Antique Weapon Shoppe.
 29460 | Depths:3 | Found Poecuent's Antique Armour Emporium.
 29462 | Depths:3 | Found Kemaonwy's Magic Scroll Shoppe.
 29468 | Depths:3 | Bought a runed hat for 273 gold pieces
 29491 | Depths:3 | Bought a scroll of enchant weapon for 157 gold pieces
 29491 | Depths:3 | Bought a scroll of enchant armour for 157 gold pieces
 30078 | Depths:4 | Noticed a lich
 30087 | Depths:4 | HP: 5/134 [tengu reaver/bolt of magma (18)]
 30087 | Depths:4 | Killed from afar by a battlesphere

Vault maps used:
D:1:      dpeg_arrival_more_subterranean_lakeside_camping, serial_park_tiny_2
D:2:      fiery_altar_vehumet, grunt_gozag_statues, minmay_misc_feat_chi,
          minmay_misc_feat_x
D:3:      fedhas_altar_2, lemuel_zombie_altar_yredelemnul, first_bread,
          elyvilon_altar_5, uniq_sigmund
D:4:      cheibriados_altar_1, serial_park_tiny_pond
D:5:      marbit_many_paths, minmay_temple_entry_glassed_door,
          grunt_decor_resistance
D:6:      dancing_weapons_uskayaw, serial_shops, nicolae_shop_crystal, shop,
          nicolae_shop_crystal, shop, nicolae_shop_crystal, basic_altar,
          uniq_menkaure, uniq_eustachio
D:7:      kennysheep_little_box, kennysheep_mini, overflow_temple_1_default,
          chequers_temple_overflow_statue_of_worship, hex_medium, the_bakery,
          minmay_misc_feat_room, lemuel_mausoleum_altar_kikubaaqudgha,
          uniq_joseph
D:8:      old_standard_altar, erik_lair_island, serial_shops,
          nicolae_shop_crystal, uniq_prince_ribbit1
D:9:      overflow_temple_1_default
D:10:     orc_0_dummy, kennysheep_just_a_vault, uniq_erica, uniq_sonja
D:11:     serial_shops, nicolae_shop_statue_plus, uniq_gastronok
D:13:     david_vaults_5, uniq_kirke
D:14:     basic_altar
D:15:     grunt_enter_depths_giant_problem, trove_entry_hex_spiral,
          grunt_decor_arrowhead, spider_trap, uniq_agnes
Temple:   corrupted_temple
Lair:1:   basic_altar, minivault_19, serial_bayou_pond_c, grunt_megastairs_2
Lair:2:   beast_lair_carwin_large_1
Lair:3:   spider_nest_entry_rubble, st_stairs_5, serial_bayou_pond_b,
          minivault_29, grunt_megastairs_5, serial_bayou_shore_a,
          infiniplex_staircase_pool_2
Lair:4:   minmay_shoals_entry_hut, special_room, lemuel_fruit_fields
Lair:5:   minmay_slime_entry_pillars, lab_entry_generic, uniq_urug
Lair:6:   gammafunk_lair_ancient_temple, serial_bayou_pond_b,
          kennysheep_basilisk_garden
Spider:4: floodkiller_spider_rune_tomb, nicolae_spider_webbed_stairs,
          uniq_louise, uniq_mara, uniq_donald
Orc:2:    st_orc_ogre_mass, serial_shops, shop, uniq_saint_roka
Depths:1: minmay_misc_feat_enclosed, abyss_entry, hell_entry,
          minmay_shop_grid_forest, serial_bayou_pond_a, nicolae_two_hexagons,
          spider_trap, nicolae_transmutations_shop
Depths:2: cheibrodos_salmonella, enter_ziggurat_b, hell_entry, serial_shops,
          shop, abyss_entry_small_statue_room, fountainhead,
          grunt_pan_entry_in_and_out, minmay_misc_feat_iff,
          infiniplex_staircase_zigzag_4
Depths:3: kennysheep_demon_jail, grunt_pan_entry_zigzag, hellmouth_1,
          hangedman_abyss_entry_splay, minmay_shop_star,
          infiniplex_staircase_spiral
Depths:4: minmay_strange_plus, abyss_entry_flame_altar, hell_entry,
          infiniplex_staircase_pillars_1, uniq_sojobo, uniq_enchantress

Skill      XL: |  1  2  3  4  5  6  7  8  9 10 11 12 13 14 15 16 17 18 19 20 |
---------------+-------------------------------------------------------------+-----
Axes           | 2 3 4 5 7 8 9 11 12 13 14 15 16 17 18 19 | 19.1
Armour         | 4 5 6 7 8 9 11 12 13 14 15 16 17 | 17.4
Shields        | 4 5 6 7 8 9 10 11 12 13 14 15 16 17 | 17.0
Fighting       | 4 5 6 7 8 9 11 12 13 14 15 16 17 | 17.3
Invocations    | 3 6 8 9 10 12 13 | 13.3

Action                   |  1- 3 |  4- 6 |  7- 9 | 10-12 | 13-15 | 16-18 | 19-21 || total
-------------------------+-------+-------+-------+-------+-------+-------+-------++-------
Melee: War axe           |    94 |   141 |   342 |   132 |       |       |       ||   709
       Broad axe         |       |       |       |   393 |   865 |  1171 |   779 ||  3208
       Morningstar       |       |       |       |    18 |    45 |       |       ||    63
Invok: Divine Shield     |       |       |       |     1 |       |     2 |     3 ||     6
       Summon Divine War |       |       |       |       |       |     2 |     1 ||     3
 Abil: Fly               |       |       |       |       |     1 |       |       ||     1
Evoke: Wand              |       |       |       |       |       |       |     1 ||     1
  Use: Potion            |       |     1 |       |       |     2 |     3 |     3 ||     9
       Scroll            |       |     3 |       |    20 |     9 |     4 |     6 ||    42
  Eat: Chunk             |       |     9 |     7 |    15 |    23 |     2 |     9 ||    65
       Fruit             |       |       |       |       |    12 |    14 |       ||    26
       Meat ration       |       |       |       |       |       |     1 |     2 ||     3
Armor: Scale mail        |    53 |    83 |       |       |       |       |       ||   136
       Plate armour      |       |       |   232 |   392 |   259 |       |       ||   883
       Chain mail        |       |       |       |       |   376 |   174 |       ||   550
       Crystal plate arm |       |       |       |       |       |   625 |   329 ||   954
       Gold dragon scale |       |       |       |       |       |       |   109 ||   109
Dodge: Dodged            |    33 |    41 |    72 |    93 |   216 |   234 |    93 ||   782
Block: Shield            |    58 |    86 |   203 |   326 |   583 |   697 |    79 ||  2032
       Large shield      |       |       |       |       |       |   223 |   718 ||   941
       Reflection        |       |       |       |       |       |    18 |    28 ||    46
